 Dungeon Crawl Stone Soup version 0.28.0-53-g5a82cb258f (webtiles) character file.

Game seed: 4844605920445681039

13447 ZappyNine the Grappler (level 11, -21/104 HPs)
             Began as a Minotaur Monk on June 3, 2022.
             Was a High Priest of Wu Jian.
             Demolished by a red ugly thing (23 damage)
             ... on level 12 of the Dungeon.
             The game lasted 00:15:53 (8454 turns).

ZappyNine the Grappler (Minotaur Monk)              Turns: 8454, Time: 00:15:53

Health: -21/104    AC: 18    Str: 20    XL:     11   Next: 75%
Magic:  10/10      EV: 11    Int:  7    God:    Wu Jian [*****.]
Gold:   276        SH:  0    Dex: 13    Spells: 10/10 levels left

rFire   . . .      SeeInvis .     - Unarmed
rCold   . . .      Faith    .   (no shield)
rNeg    + . .      Spirit   .   j - +0 scale mail of Gravity {Will+ Regen+ Stlth+}
rPois   +          Reflect  .   (helmet restricted)
rElec   .          Harm     .   i - +4 cloak of Intercession {Regen+}
rCorr   .          Rampage  .   y - +1 pair of gloves
Will    +....                   E - +0 pair of boots
Stlth   +.........              (no amulet)
HPRegen 1.87/turn               g - ring of positive energy
MPRegen 0.12/turn               n - ring of poison resistance

@: no status effects
A: horns 2, retaliatory headbutt, mutation resistance 1
a: Renounce Religion, Wall Jump, Serpent's Lash, Heavenly Storm


You were on level 12 of the Dungeon.
You worshipped Wu Jian.
Wu Jian was extremely pleased with you.
You visited 1 branch of the dungeon, and saw 12 of its levels.

You collected 574 gold pieces.
You spent 298 gold pieces at shops.

Inventory:

Armour
 i - the +4 cloak of Intercession (worn) {Regen+}
   (You found it on level 6 of the Dungeon)

   Regen:     It increases your rate of health regeneration.
 j - the +0 scale mail of Gravity (worn) {Will+ Regen+ Stlth+}
   (You found it on level 2 of the Dungeon)

   Regen:     It increases your rate of health regeneration.
   Will:      It increases your willpower.
   Stlth:     It makes you more stealthy.
 y - a +1 pair of gloves (worn)
 C - +0 acid dragon scales
 E - a +0 pair of boots (worn)
Jewellery
 g - a ring of positive energy (left hand)
 n - a ring of poison resistance (right hand)
 F - a ring of positive energy
Wands
 b - a wand of acid (13)
 d - a wand of iceblast (14)
 h - a wand of polymorph (4)
 p - a wand of paralysis (6)
 A - a wand of charming (7)
Scrolls
 a - a scroll of enchant armour
 c - 3 scrolls of teleportation
 k - a scroll of magic mapping
 o - 3 scrolls of blinking
 B - a scroll of enchant weapon
Potions
 e - a potion of flight
 f - 5 potions of curing
 l - a potion of ambrosia
 q - a potion of invisibility
 r - a potion of degeneration
 t - a potion of resistance
 u - a potion of berserk rage
 v - 2 potions of lignification
 w - 2 potions of attraction
 x - 2 potions of haste
 D - a potion of might


   Skills:
 + Level 12.0 Fighting
 + Level 11.1 Armour
 - Level 3.7 Dodging
 - Level 1.5 Stealth
 * Level 14.9 Unarmed Combat


You had 10 spell levels left.
You didn't know any spells.
Your spell library contained the following spells:

 Spells                   Type           Power      Damage    Failure   Level
 Summon Small Mammal      Summ           0%         N/A       71%         1
 Sublimation of Blood     Necr           0%         N/A       85%         2
 Call Canine Familiar     Summ           0%         N/A       97%         3
 Summon Guardian Golem    Hex/Summ       0%         N/A       97%         3
 Petrify                  Tmut/Erth      0%         N/A       100%        4
 Irradiate                Conj/Tmut      0%         3d13      100%        5


Dungeon Overview and Level Annotations

Branches:
Dungeon (12/15)            Temple (0/1) D:7            Lair (0/6) D:9
    Orc: D:9-12

Altars:
Wu Jian

Shops:
D:1 [[=!!   D:3 !   D:7 [

Portals:
Trove: D:11 (give 6 scrolls of fear)


Innate Abilities, Weirdness & Mutations

You have a pair of horns on your head.
You reflexively headbutt those who attack you in melee.
You are somewhat resistant to further mutation.


Message History

Your punch misses the two-headed ogre.
The two-headed ogre is moderately wounded.
You punch the two-headed ogre! Your punch misses the two-headed ogre.
The two-headed ogre is heavily wounded.
The two-headed ogre barely misses you.
The two-headed ogre hits you but does no damage.
You barely miss the two-headed ogre.
The two-headed ogre is moderately wounded.
You punch the two-headed ogre!
Your headbutt misses the two-headed ogre.
The two-headed ogre is severely wounded.
The two-headed ogre hits you with a +0 giant club!!
The two-headed ogre closely misses you.
You punch the two-headed ogre!
The two-headed ogre is almost dead.
The red ugly thing closely misses you. You furiously retaliate!
You headbutt the red ugly thing, but do no damage.
You barely miss the two-headed ogre. You headbutt the two-headed ogre.
You kill the two-headed ogre!
The Council accepts your kill.
Your Fighting skill increases to level 12!
The red ugly thing headbutts you.
You are engulfed in flames!
You punch the red ugly thing!
The red ugly thing is moderately wounded.
You hit the red ugly thing but do no damage.
You headbutt the red ugly thing!
The red ugly thing is moderately wounded.
The red ugly thing headbutts you!
You are engulfed in flames!!
You barely miss the red ugly thing.
The red ugly thing is moderately wounded.
The red ugly thing headbutts you!
* * * LOW HITPOINT WARNING * * *
You are engulfed in flames!!
* * * LOW HITPOINT WARNING * * *
You punch the red ugly thing!
The red ugly thing is heavily wounded.
The red ugly thing headbutts you.
* * * LOW HITPOINT WARNING * * *
You are engulfed in flames!!
You die...

...... #.# #.# #..>.# #.#
#.# #....### #.# #.#
#...... ##.##
.##.###....#### ...
..............# #.# # #.#
#)...#
#####.#####.##.###....#
......<.........@u....#
....#.########.###........
###.#.# #.###..######
#.##########........
#................####
##################


You could see a red ugly thing.

Vanquished Creatures
  A hydra (D:11)
  3 boulder beetles (D:11)
  5 two-headed ogres
  A gargoyle (D:11)
  A kobold demonologist (D:10)
  Grinder (D:5)
  A troll (D:11)
  A hornet (D:9)
  5 yaks
  2 shadows
  2 wraiths
  A wyvern (D:11)
  2 steam dragons
  3 vampire mosquitoes (D:11)
  Menkaure (D:5)
  4 acid dragons
  2 ice beasts
  A sky beast (D:6)
  4 orc warriors
  A black bear (D:7)
  3 ogres
  A necrophage (D:6)
  7 centaurs
  A bullfrog (D:8)
  A scorpion (D:5)
  2 gnoll sergeants (D:9)
  A water moccasin zombie (D:6)
  9 wights
  21 killer bees
  3 centaur zombies
  A wyvern simulacrum (D:8)
  3 bullfrog skeletons
  5 orc priests
  3 jellies
  2 centaur skeletons
  Ijyb (D:5)
  11 orc wizards
  A killer bee zombie (D:7)
  A centaur simulacrum (D:8)
  2 hound skeletons
  A killer bee simulacrum (D:8)
  2 howler monkey zombies (D:9)
  8 adders
  2 shadow imps
  3 white imps (D:8)
  2 worms
  34 orcs
  9 endoplasms
  2 giant cockroaches
  8 goblins
  7 hobgoblins
  4 jackals (D:3)
  3 quokkas
  12 ball pythons
  A bat (D:1)
  2 frilled lizards (D:1)
  9 kobolds
  12 rats
242 creatures vanquished.

Vanquished Creatures (others)
  A white imp (D:5)
  An orc (D:6)
2 creatures vanquished.

Grand Total: 244 creatures vanquished

Notes
Turn   | Place    | Note
-------+----------+-------------------------------------------
     0 | D:1      | ZappyNine the Minotaur Monk began the quest for the Orb.
     0 | D:1      | Reached XP level 1. HP: 19/19 MP: 0/0
   136 | D:1      | Found Vutan's Antique Armour Emporium.
   205 | D:1      | Found Tedgh's Antique Armour Shop.
   213 | D:1      | Reached XP level 2. HP: 27/27 MP: 1/1
   218 | D:1      | Found Jeppeb's Jewellery Shoppe.
   474 | D:1      | Found Fythriekh's Distillery.
   550 | D:1      | Found a faded altar of an unknown god.
   613 | D:1      | Found Cyedoot's Distillery.
   623 | D:1      | Bought a potion of curing for 33 gold pieces
   851 | D:2      | Reached skill level 4 in Unarmed Combat
   901 | D:2      | Reached XP level 3. HP: 28/33 MP: 2/2
  1007 | D:2      | Identified the +1 chain mail of Fortitude {Harm Will++}
  1503 | D:2      | Identified the +0 scale mail of Gravity {Will+ Regen+
                  | Stlth+}
  1643 | D:2      | Reached XP level 4. HP: 41/41 MP: 3/3
  1871 | D:3      | Reached skill level 1 in Armour
  2046 | D:3      | Found Hutum's Distillery.
  2069 | D:3      | Bought a potion of heal wounds for 70 gold pieces
  2257 | D:4      | Found an ornate altar of the Wu Jian Council.
  2272 | D:4      | Reached skill level 5 in Unarmed Combat
  2272 | D:4      | Reached XP level 5. HP: 47/47 MP: 4/4
  2278 | D:4      | Became a worshipper of the Wu Jian Council
  2278 | D:4      | Reached * piety under Wu Jian
  2278 | D:4      | Reached ** piety under Wu Jian
  2590 | D:4      | Noticed an ogre
  2607 | D:4      | Killed an ogre
  2608 | D:4      | Reached skill level 5 in Fighting
  2608 | D:4      | Reached XP level 6. HP: 48/56 MP: 5/5
  2915 | D:5      | Entered Level 5 of the Dungeon
  2951 | D:5      | Reached skill level 6 in Unarmed Combat
  3142 | D:5      | Noticed Grinder
  3146 | D:5      | Gained mutation: You are partially covered in iridescent
                  | scales. (AC +2) [potion of mutation]
  3146 | D:5      | Lost mutation: You are partially covered in iridescent
                  | scales. (AC +2) [potion of mutation]
  3146 | D:5      | Gained mutation: You are somewhat resistant to further
                  | mutation. [potion of mutation]
  3162 | D:5      | Killed Grinder
  3163 | D:5      | Reached XP level 7. HP: 55/62 MP: 6/6
  3175 | D:5      | Noticed Menkaure
  3191 | D:5      | Reached skill level 7 in Unarmed Combat
  3194 | D:5      | Killed Menkaure
  3407 | D:5      | Noticed Ijyb
  3409 | D:5      | Reached skill level 5 in Armour
  3409 | D:5      | Reached skill level 8 in Unarmed Combat
  3409 | D:5      | Reached XP level 8. HP: 71/71 MP: 7/7
  3416 | D:5      | Killed Ijyb
  3562 | D:6      | Noticed a two-headed ogre
  3730 | D:6      | Killed a two-headed ogre
  3731 | D:6      | Reached skill level 9 in Unarmed Combat
  3731 | D:6      | Reached *** piety under Wu Jian
  3734 | D:6      | Reached XP level 9. HP: 51/81 MP: 8/8
  3906 | D:6      | Identified the +4 cloak of Intercession {Regen+}
  3947 | D:6      | Reached skill level 10 in Unarmed Combat
  4336 | D:7      | Found a staircase to the Ecumenical Temple.
  4666 | D:7      | Found Gann's Antique Armour Shop.
  5288 | D:8      | Reached skill level 11 in Unarmed Combat
  5311 | D:8      | Reached **** piety under Wu Jian
  5426 | D:8      | Reached XP level 10. HP: 91/91 MP: 9/9
  5844 | D:1      | Bought a pair of glowing gloves for 195 gold pieces
  6006 | D:9      | Reached skill level 12 in Unarmed Combat
  6126 | D:9      | Found a staircase to the Lair.
  6132 | D:9      | Reached skill level 10 in Fighting
  6161 | D:9      | Noticed a two-headed ogre
  6177 | D:9      | Killed a two-headed ogre
  6245 | D:9      | Noticed a two-headed ogre
  6249 | D:9      | Killed a two-headed ogre
  6250 | D:9      | Reached skill level 13 in Unarmed Combat
  6861 | D:10     | Entered Level 10 of the Dungeon
  6869 | D:10     | Reached XP level 11. HP: 77/100 MP: 10/10
  7105 | D:10     | Reached skill level 10 in Armour
  7547 | D:11     | Noticed a four-headed hydra
  7554 | D:11     | Killed a four-headed hydra
  7736 | D:11     | Noticed a boulder beetle
  7756 | D:11     | Killed a boulder beetle
  7757 | D:11     | Reached skill level 14 in Unarmed Combat
  7961 | D:11     | Reached ***** piety under Wu Jian
  7990 | D:11     | Found a portal to a secret trove of treasure.
  8043 | D:11     | Noticed a boulder beetle
  8059 | D:11     | Killed a boulder beetle
  8162 | D:11     | Noticed a two-headed ogre
  8167 | D:11     | Killed a two-headed ogre
  8270 | D:11     | Noticed a boulder beetle
  8295 | D:11     | Killed a boulder beetle
  8436 | D:12     | Noticed a two-headed ogre
  8438 | D:12     | Noticed a red ugly thing
  8448 | D:12     | Killed a two-headed ogre
  8454 | D:12     | HP: 2/104 [red ugly thing (6)]
  8454 | D:12     | Demolished by a red ugly thing

Illustrated notes

Levels and vault maps discovered:
D:1:      dpeg_arrival_simpleton_b, layout_basic,
          chequers_ecumenical_altar_simple_redux, serial_shops, shop, shop,
          shop, nicolae_square_shop, shop, minmay_box_of_dots
D:2:      layout_loops_ring, minmay_small_reverse_x
D:3:      layout_basic, serial_shops, nicolae_shop_advertising_works
          [nicolae_subvault_shop_adworks], minmay_three_crescents
D:4:      layout_basic, nicolae_wu_jian_wuxing_cycle,
          hangedman_decor_diamond_cutter, chequers_serial_rivers_micro_b
D:5:      layout_cave_pools, uniq_grinder, uniq_menkaure, uniq_ijyb
D:6:      layout_basic
D:7:      layout_gridville, minmay_temple_entry_large_hall, serial_shops,
          nicolae_shop_hallway_stairs, due_unseen_surprise
D:8:      layout_basic, serial_ice, serial_ice_g, serial_ice_o, serial_ice_d,
          serial_ice_a
D:9:      minmay_recursive_quarters, layout_grid_maze, lair_entry_dummy,
          kennysheep_generic_room_15
D:10:     layout_long_grid, minmay_misc_feat_secret_circle
D:11:     layout_loops_ring, nicolae_trove_entry_diagonal
D:12:     layout_basic, david_orc_2, uniq_snorg

Skill      XL: |  1  2  3  4  5  6  7  8  9 10 11 |
---------------+----------------------------------+-----
Fighting       | 4 5 6 7 9 10 12 | 12.0
Unarmed Combat | 4 5 6 8 9 11 13 14 | 14.9
Armour         | 1 2 3 5 6 8 9 11 | 11.1
Dodging        | |  3.7
Stealth        | |  1.5

Action                   |  1- 3 |  4- 6 |  7- 9 | 10-12 || total
-------------------------+-------+-------+-------+-------++-------
Melee: Unarmed           |    82 |   145 |   267 |   278 ||   772
       Headbutt          |    13 |    23 |    48 |    65 ||   149
       Punch             |     2 |     4 |    15 |    25 ||    46
Invok: Lunge             |       |     4 |    21 |    24 ||    49
       Whirlwind         |       |       |    23 |    24 ||    47
       Serpent's Lash    |       |       |       |     1 ||     1
 Abil: Wall Jump         |       |     1 |     1 |       ||     2
  Use: Potion            |       |     1 |     2 |       ||     3
       Scroll            |       |       |    13 |     6 ||    19
 Stab: Sleeping          |     3 |     1 |     3 |     1 ||     8
       Invisible         |       |       |     3 |       ||     3
       Distracted        |       |       |     1 |       ||     1
Armor: Robe              |     8 |       |       |       ||     8
       Scale mail        |     3 |    44 |   132 |   129 ||   308
       Chain mail        |     2 |       |       |       ||     2
Dodge: Dodged            |    45 |    53 |   133 |   109 ||   340
